Map: Ice and Chrome LE

Players

BlyOnFire (Bly) - Winner!

  • Race: Zerg Zerg
  • Spawn Location: 1:00

Spatz

  • Race: Protoss Protoss
  • League: Master
  • Spawn Location: 7:00

Event: DreamHack SC2 Masters 2020 Summer Europe

VOD

Have the link to the VOD?

Description

Time

  • Played on: July 5, 2020, 12:39 p.m.
  • Length: 12:23

All games in this series

Show
View Real Time Build Order
Export as new Build Order

BlyOnFire Zerg - Winner!

Build Orders: 3 Hatch before Pool 

Get SALT Encoding   

  12  0:01  Drone  
  13  0:12  Overlord  
  13  0:17  Drone  
  14  0:30  Drone x2  
  16  0:43  Drone  
  17  0:57  Hatchery  
  17  1:00  Drone  
  17  1:02  Drone  
  18  1:23  Hatchery  
  17  1:26  Drone, Extractor  
  17  1:39  Spawning Pool  
  16  1:42  Drone  
  16  1:45  Drone  
  18  1:48  Drone  
  19  1:56  Drone  
  21  2:05  Overlord  
  20  2:27  Zergling x2  
  20  2:28  Queen, Zergling x2  
  24  2:36  Queen  
  27  2:37  Zergling x4  
  27  2:40  Metabolic Boost  
  28  2:47  Zergling x2  
  29  3:02  Drone x3  
  32  3:08  Drone  
  32  3:09  Overlord  
  35  3:18  Extractor, Queen  
  34  3:20  Lair, Extractor  
  34  3:22  Drone  
  36  3:29  Drone x2  
  38  3:35  Drone  
  38  3:36  Drone x3  
  41  3:47  Overlord  
  41  3:48  Drone x3  
  43  3:51  Extractor  
  43  3:52  Extractor  
  41  3:57  Roach Warren  
  41  4:00  Overlord  
  39  4:09  Overlord  
  39  4:14  Overlord  
  38  4:21  Zergling x2  
  38  4:22  Zergling x8  
  42  4:25  Drone x4  
  46  4:32  Spore Crawler  
  46  4:33  Spore Crawler  
  46  4:35  Drone x2  
  46  4:42  Drone  
  46  4:44  Drone x3  
  50  4:50  Drone  
  51  4:53  Drone  
  51  4:54  Glial Reconstitution  
  51  4:58  Overseer  
  52  5:00  Drone x2  
  52  5:03  Overlord  
  54  5:10  Extractor  
  54  5:12  Drone x4  
  57  5:22  Overlord  
  57  5:24  Overlord  
  57  5:31  Infestation Pit  
  57  5:33  Spire  
  56  5:51  Drone x2  
  56  5:52  Overlord  
  56  5:54  Queen x2  
  61  6:07  Overlord  
  60  6:18  Hatchery  
  60  6:22  Spore Crawler  
  58  6:35  Roach x10  
  58  6:39  Overlord  
  78  6:41  Overlord  
  78  7:01  Corruptor x3  
  78  7:02  Corruptor  
  86  7:10  Corruptor x2  
  90  7:26  Corruptor x2  
  84  7:38  Queen  
  84  7:39  Queen  
  84  7:41  Corruptor  
  88  7:47  Corruptor  
  88  7:53  Corruptor  
  90  8:00  Corruptor x2  
  90  8:05  Corruptor  
  96  8:15  Roach  
  96  8:16  Roach x2  
  96  8:25  Corruptor x2  
  98  8:34  Corruptor x2  
  105  8:56  Overlord  
  105  9:07  Drone x4  
  100  9:17  Roach x7  
  114  9:33  Overlord x2  
  114  9:38  Overlord  
  110  9:48  Roach  
  110  9:49  Roach  
  110  9:50  Overlord x3  
  110  9:52  Spore Crawler  
  103  10:05  Roach x2  
  103  10:06  Roach x9  
  109  10:10  Drone  
  109  10:12  Queen x2  
  110  10:18  Roach x2  
  114  10:22  Ravager x7  
  119  10:30  Roach x3  
  119  10:33  Ravager  
  119  10:34  Ravager x2  
  127  10:39  Roach x2  
  127  10:40  Ravager  
  127  10:41  Ravager x3  
  135  10:47  Roach x3  
  141  10:55  Roach  
  141  10:56  Roach x2  
  139  11:04  Zergling x8  
  139  11:05  Zergling x4  
  139  11:10  Roach Warren  
  144  11:17  Zergling x10  
  130  11:23  Zergling x4  
  127  11:27  Zergling x2  
  127  11:31  Zergling x2  
  127  11:32  Zergling x6  
  119  11:44  Zergling x8  
  119  11:45  Zergling x2  
  88  11:54  Roach x3  
Show
View Real Time Build Order
Export as new Build Order

Spatz Protoss 

Build Orders: Phoenix Opening 

Get SALT Encoding   

  12  0:00  Probe  
  13  0:12  Probe  
  14  0:18  Pylon  
  14  0:24  Probe  
  15  0:32  Probe  
  15  0:39  Gateway  
  15  0:40  Probe  
  16  0:47  Assimilator  
  17  0:51  Probe  
  18  1:05  Probe  
  19  1:13  Probe  
  20  1:21  Probe  
  21  1:26  Zealot  
  21  1:32  Cybernetics Core  
  23  1:44  Pylon  
  23  2:16  Nexus  
  23  2:26  Stargate  
  23  2:29  Probe  
  24  2:35  Assimilator  
  24  2:41  Probe  
  25  2:45  Stalker  
  27  2:53  Probe  
  28  3:00  Warp Gate  
  26  3:06  Phoenix, Probe  
  27  3:14  Gateway  
  27  3:18  Probe  
  30  3:20  Adept  
  30  3:28  Probe  
  30  3:32  Probe  
  34  3:38  Gateway  
  34  3:44  Shield Battery  
  32  3:50  Probe  
  32  3:51  Probe  
  34  4:00  Pylon  
  34  4:01  Oracle  
  34  4:02  Probe  
  35  4:07  Probe  
  36  4:14  Probe  
  40  4:23  Probe  
  41  4:26  Probe  
  42  4:35  Probe  
  42  4:36  Stargate  
  43  4:38  Probe  
  43  4:40  Assimilator x2, Pylon  
  44  4:47  Pylon, Probe  
  44  4:50  Phoenix, Probe  
  46  4:59  Probe  
  49  5:01  Pylon  
  49  5:03  Probe  
  49  5:06  Pylon  
  50  5:11  Probe  
  51  5:15  Phoenix, Probe  
  51  5:17  Phoenix  
  54  5:23  Probe  
  54  5:27  Probe  
  58  5:32  Pylon  
  58  5:35  Probe  
  58  5:38  Zealot x2  
  58  5:39  Phoenix, Probe  
  58  5:41  Phoenix  
  58  5:42  Pylon  
  68  5:53  Probe  
  69  6:01  Probe  
  69  6:02  Phoenix  
  70  6:06  Phoenix  
  70  6:09  Probe  
  75  6:15  Robotics Facility  
  75  6:16  Probe  
  76  6:21  Zealot x2, Probe  
  76  6:25  Pylon  
  81  6:28  Phoenix  
  81  6:30  Protoss Air Weapons Level 1  
  81  6:31  Probe  
  84  6:34  Phoenix  
  86  6:45  Phoenix  
  84  6:48  Probe  
  87  6:55  Stargate  
  87  6:56  Zealot x2  
  87  6:59  Pylon  
  91  7:02  Pylon  
  91  7:06  Phoenix  
  93  7:10  Nexus  
  93  7:17  Phoenix  
  95  7:28  Phoenix  
  95  7:35  Phoenix  
  97  7:46  Phoenix  
  97  7:48  Probe  
  97  7:49  Probe  
  99  7:51  Phoenix  
  99  7:57  Pylon  
  99  7:58  Pylon  
  103  8:01  Pylon, Probe x2  
  103  8:03  Phoenix  
  104  8:06  Robotics Facility  
  102  8:13  Probe x2  
  100  8:25  Probe x2  
  102  8:35  Shield Battery  
  102  8:37  Assimilator, Probe  
  103  8:41  Assimilator  
  103  8:42  Gateway  
  103  8:45  Gateway  
  103  8:47  Gateway  
  103  8:50  Gateway  
  95  8:57  Gateway  
  95  8:59  Gateway  
  95  9:00  Immortal  
  95  9:01  Zealot x2  
  95  9:02  Gateway, Probe  
  100  9:03  Probe  
  102  9:20  Gateway  
  102  9:21  Stalker x2  
  104  9:30  Warp Prism  
  108  9:37  Stalker  
  101  9:44  Stalker x2  
  105  9:47  Zealot  
  105  9:50  Stalker  
  105  9:52  Stalker, Zealot  
  101  9:53  Stalker  
  101  9:58  Stalker  
  93  10:10  Stalker x4  
  99  10:17  Stalker x4  
  107  10:26  Adept  
  109  10:36  Stalker  
  109  10:37  Stalker x3  
  109  10:40  Sentry x3  
  109  10:41  Stalker  
  118  11:04  Stalker x3  
  118  11:05  Sentry x4, Stalker x2  
  120  11:28  Stalker x4  
  122  11:43  Zealot x2  
Tags
 
Add a new tag
Caveats
  • Supply blocks, unpowered buildings, or Contaminate may cause inaccurate times.
  • Supply counts are checked every 10 seconds.